 Dungeon Crawl Stone Soup version 0.31-a0-486-g8d68a81214 (webtiles) character file.

Game seed: 12992038089688824759

111 Gelion the Changeling (level 4, -3/29 HPs)
             Began as an Octopode Shapeshifter on Aug 8, 2023.
             Killed by divine providence
             ... invoked by an orc priest
              (17 damage)
             ... on level 3 of the Dungeon.
             The game lasted 00:02:37 (1779 turns).

Gelion the Changeling (Octopode Shapeshifter)       Turns: 1779, Time: 00:02:39

Health: -3/29      AC:  1    Str: 14    XL:     4   Next: 92%
Magic:  4/4        EV: 13    Int: 10    God:
Gold:   89         SH:  0    Dex: 14    Spells: 3/3 levels left

rFire   . .          .
                       - Unarmed
rCold   . . .        (no shield)
rNeg    . . .        (helmet currently unavailable)
rPois   .            (no amulet)
rElec   .            (no ring)
rCorr   .            (no ring)
SInv    .            (no ring)
Will    .....        (no ring)
Stlth   ++           (no ring)
HPRegen 0.24/turn    (no ring)
MPRegen 0.09/turn    (no ring)
                     (no ring)

%: no passive effects
@: beast-form
A: beast (slay +2), almost no armour, amphibious, 8 rings, camouflage 1,
gelatinous body 1, (nimble swimmer 1), tentacles
a: Begin Untransformation


You were on level 3 of the Dungeon.
You were a hulking beast.
You visited 1 branch of the dungeon, and saw 3 of its levels.

You collected 89 gold pieces.

Inventory:

Talismans
 b - a beast talisman (active)
Scrolls
 d - a scroll of identify
 i - 2 scrolls of vulnerability
 k - a scroll of enchant armour
Potions
 a - a potion of lignification
 c - 2 potions of mutation
 g - a potion of haste


   Skills:
 + Level 2.3 Fighting
 - Level 2.0 Dodging
 + Level 3.7 Unarmed Combat
 * Level 4.0 Shapeshifting


You had 3 spell levels left.
You didn't know any spells.
Your spell library was empty.

Dungeon Overview and Level Annotations

Branches:
Dungeon (3/15)

Altars:
Hepliaklqana
Trog

Shops:
D:1 =   D:3 (


Innate Abilities, Weirdness & Mutations

You are a hulking beast.
Your limbs bulge with bestial killing power. (Slay +2)
You cannot wear most types of armour.
You are amphibious.
You can wear up to eight rings at the same time.
Your skin changes colour to match your surroundings (Stealth+).
Your rubbery body absorbs attacks. (AC +1, EV +1)
((You are camouflaged when in or above water. (Stealth+)))
You have tentacles for arms and can constrict up to eight enemies at once.


Message History

You tentacle-slap the endoplasm.
You kill the endoplasm!
You tentacle-slap the gnoll. You grab the gnoll.
The gnoll is moderately wounded.
You constrict the gnoll. The gnoll hits you with a +0 whip!
You tentacle-slap the gnoll.
The gnoll is heavily wounded.
You constrict the gnoll. The gnoll closely misses you.
You tentacle-slap the gnoll. x2; You squeeze the gnoll.
You kill the gnoll!
Your Shapeshifting skill increases to level 4!
You tentacle-slap the orc. Your grab misses the orc.
Your squeeze misses the orc.
The orc is moderately wounded.
The orc closely misses you.
The orc priest mumbles some strange prayers to Beogh against you.
Beogh smites you!
You barely miss the orc. You grab the orc.
The orc is moderately wounded.
You constrict the orc. The orc closely misses you.
You tentacle-slap the orc.
You kill the orc!
You tentacle-slap the orc. You grab the orc. You squeeze the orc.
You kill the orc!
Items here: ))) [.
You tentacle-slap the orc priest but do no damage.
Your grab misses the orc priest. The orc priest misses you.
You tentacle-slap the orc priest. You grab the orc priest.
You squeeze the orc priest, but do no damage.
The orc priest is lightly wounded.
You constrict the orc priest.
The orc priest looks encouraged for a moment.
You barely miss the orc priest.
You squeeze the orc priest, but do no damage.
The orc priest is lightly wounded.
You constrict the orc priest, but do no damage.
The orc priest mumbles some strange prayers to Beogh against you.
Beogh smites you!
Ouch! That really hurt!
You die...

.....................##.#.##.####
...................#.##.#....#
...............#.###.##.#.#.##
######..####...#.# #....#...#
#..#∩.♣...#.# ##########
#..#......#.# #..#♣.....#)#
#######.########.# ≈≈~~~##.# #h#
......#.# #o# _...†.'.#
#o######## ......### #........#
~~≈~~## ###........# ######
#..........# .. #..........# ...
#..........#
.?.#######..........#


You could see an orc priest and an orc.

Vanquished Creatures
  An orc priest (D:3)
  A gnoll (D:3)
  An adder (D:2)
  6 orcs (D:3)
  7 endoplasms
  5 hobgoblins
  6 jackals (D:2)
  A quokka (D:2)
  5 ball pythons
  6 bats
  2 frilled lizards
  3 kobolds (D:1)
  6 rats
  A spectral hobgoblin (D:3)
51 creatures vanquished.

Notes
Turn   | Place    | Note
-------+----------+-------------------------------------------
     0 | D:1      | Gelion the Octopode Shapeshifter began the quest for the
                  | Orb.
     0 | D:1      | Reached XP level 1. HP: 13/13 MP: 1/1
   277 | D:1      | Found a faded altar of an unknown god.
   296 | D:1      | Reached XP level 2. HP: 9/18 MP: 2/2
   422 | D:1      | Found Tem Ewiw's Jewellery Emporium.
   865 | D:2      | Found a bloodstained altar of Trog.
   923 | D:2      | Reached XP level 3. HP: 23/23 MP: 3/3
  1583 | D:3      | Reached XP level 4. HP: 19/29 MP: 4/4
  1677 | D:3      | Found a hazy altar of Hepliaklqana.
  1702 | D:3      | Found Wiam's Weapon Shop.
  1772 | D:3      | Reached skill level 4 in Shapeshifting
  1779 | D:3      | Killed from afar by an orc priest

Illustrated notes

Levels and vault maps discovered:
D:1:      lemuel_arrival_behind_the_door_small, layout_loops_ring, serial_shops,
          nicolae_shop_tiny_real_fake_doors, ebering_ecumenical_altar_hall
D:2:      layout_rooms, basic_altar, serial_bayou, serial_bayou_lagoon_a,
          serial_bayou_crossing, serial_bayou_pond_d, serial_bayou_lake_a,
          serial_bayou_pond_b
D:3:      layout_basic, mainiacjoe_overflow_catwalk,
          nicolae_hepliaklqana_monster_ancestors,
          mainiacjoe_overflow_surrounded_room, serial_shops,
          nicolae_shop_pleasant_corner_grove

Skill      XL: |  1  2  3  4 |
---------------+-------------+-----
Fighting       | 2 |  2.3
Shapeshifting  | 4 |  4.0
Dodging        | |  2.0
Unarmed Combat | |  3.7

Action                     |  1- 3 |  4- 6 || total
---------------------------+-------+-------++-------
  Melee: Unarmed           |    68 |    23 ||    91
         Tentacles         |    13 |     7 ||    20
         Constrict         |    13 |     7 ||    20
         Punch             |     2 |     1 ||     3
    Use: Scroll            |     8 |       ||     8
   Stab: Sleeping          |     6 |     1 ||     7
 Armour: Skin              |     9 |       ||     9
  Dodge: Dodged            |    52 |    14 ||    66

Table legend: (Time is in decaauts)
 A = Elapsed time spent in this place.
 B = Non-inter-level travel time spent in this place.
 C = Inter-level travel time spent in this place.
 D = Time resting spent in this place.
 E = Time spent auto-exploring this place.
 F = Levels seen in this place.
 G = Mean time per level.
                   A        B        C        D        E       F      G
               +--------+--------+--------+--------+--------+-----+--------+
         Total |   1772 |   1721 |     51 |      0 |   1443 |   3 |  590.7 |
       Dungeon |   1772 |   1721 |     51 |      0 |   1443 |   3 |  590.7 |
               +--------+--------+--------+--------+--------+-----+--------+

Top non-repeatable levels by time:
     D:1: 863 daAuts
     D:2: 615 daAuts
     D:3: 294 daAuts
